Map: Romanticide LE

Players

ShoWTimE

  • Race: Protoss Protoss
  • Spawn Location: 5:00

Maru - Winner!

  • Race: Terran Terran
  • Spawn Location: 11:00

Event: IEM Katowice 2021

VOD

Have the link to the VOD?

Description

Time

  • Played on: Feb. 22, 2021, 12:56 p.m.
  • Length: 13:48

All games in this series

Show
View Real Time Build Order
Export as new Build Order

ShoWTimE Protoss 

Build Orders: 1 Gate Expand, Blink Stalkers 

Get SALT Encoding   

  12  0:00  Probe  
  13  0:12  Probe  
  14  0:17  Pylon  
  14  0:24  Probe  
  15  0:36  Gateway, Probe (Chrono Boost)  
  16  0:46  Probe (Chrono Boost)  
  16  0:48  Assimilator  
  17  0:51  Probe (Chrono Boost)  
  18  1:03  Probe  
  19  1:15  Probe  
  20  1:23  Cybernetics Core  
  20  1:31  Nexus  
  20  1:34  Probe  
  21  1:41  Pylon  
  21  1:46  Probe  
  22  1:50  Assimilator  
  22  1:57  Adept (Chrono Boost)  
  22  1:59  Probe  
  25  2:02  Warp Gate  
  25  2:11  Probe  
  26  2:21  Stalker (Chrono Boost)  
  28  2:23  Probe  
  29  2:36  Probe (Chrono Boost), Twilight Council  
  30  2:45  Probe (Chrono Boost)  
  34  2:53  Probe (Chrono Boost)  
  34  2:54  Probe (Chrono Boost)  
  34  2:55  Robotics Facility  
  34  2:58  Gateway  
  33  3:00  Probe  
  33  3:02  Probe  
  36  3:12  Probe  
  36  3:14  Probe  
  36  3:16  Blink (Chrono Boost)  
  37  3:23  Gateway  
  37  3:24  Probe  
  37  3:26  Probe  
  39  3:32  Gateway  
  39  3:38  Pylon, Probe  
  39  3:40  Probe  
  41  3:43  Observer  
  42  3:51  Stalker  
  42  3:52  Stalker  
  46  3:56  Probe  
  46  3:57  Probe  
  46  3:59  Pylon  
  48  4:03  Warp Prism (Chrono Boost)  
  50  4:10  Assimilator  
  50  4:18  Stalker x2  
  50  4:21  Probe  
  50  4:23  Probe  
  52  4:34  Probe  
  52  4:35  Probe  
  52  4:37  Stalker  
  56  4:46  Probe  
  56  4:55  Stalker  
  51  5:11  Stalker x3  
  57  5:19  Stalker, Pylon  
  59  5:22  Probe x2  
  61  5:30  Pylon  
  61  5:34  Probe  
  62  5:37  Probe  
  61  5:46  Probe  
  61  5:49  Stalker x4  
  70  5:51  Probe  
  69  5:57  Pylon  
  69  5:58  Probe  
  69  6:04  Probe  
  70  6:10  Probe  
  71  6:12  Robotics Bay  
  71  6:13  Assimilator  
  71  6:16  Probe  
  72  6:22  Probe  
  73  6:28  Probe  
  74  6:32  Charge  
  74  6:34  Probe  
  74  6:36  Nexus  
  74  6:37  Pylon  
  75  6:42  Probe  
  75  6:45  Forge  
  75  6:46  Probe  
  77  6:54  Pylon, Sentry  
  77  6:55  Zealot x2, Sentry  
  77  6:58  Pylon  
  85  7:03  Colossus (Chrono Boost)  
  91  7:10  Extended Thermal Lance  
  91  7:12  Phoenix  
  91  7:13  Probe  
  91  7:14  Probe  
  93  7:16  Protoss Ground Weapons Level 1 (Chrono Boost)  
  93  7:25  Zealot x2  
  97  7:37  Gateway  
  97  7:38  Gateway  
  97  7:40  Probe x2  
  97  7:45  Colossus (Chrono Boost)  
  101  7:52  Probe  
  101  7:55  Zealot x3  
  108  8:01  Shield Battery  
  108  8:02  Sentry  
  110  8:09  Shield Battery  
  110  8:10  Pylon  
  111  8:12  Probe  
  111  8:13  Probe x2  
  113  8:20  Pylon  
  113  8:25  Zealot x4  
  121  8:28  Colossus (Chrono Boost)  
  121  8:29  Probe  
  126  8:38  Zealot x2  
  126  8:46  Gateway  
  126  8:47  Gateway  
  122  8:53  Probe x3  
  121  8:58  Zealot x3  
  121  9:00  Templar Archives  
  123  9:06  Zealot x2  
  123  9:07  Zealot  
  123  9:09  Probe  
  132  9:11  Protoss Ground Weapons Level 2 (Chrono Boost)  
  130  9:21  Pylon  
  132  9:29  Assimilator  
  132  9:33  Assimilator, Robotics Facility  
  132  9:37  Zealot  
  130  9:41  High Templar x3  
  130  9:42  Pylon, High Templar  
  138  9:46  Archon x2  
  138  9:52  Zealot x2  
  140  10:01  Shield Battery  
  140  10:02  Pylon  
  140  10:03  Zealot x2  
  144  10:14  Zealot  
  144  10:15  Zealot  
  144  10:19  Pylon x2  
  148  10:21  Pylon  
  148  10:25  Nexus  
  148  10:27  Zealot x4  
  156  10:28  Pylon  
  156  10:36  Shield Battery  
  156  10:39  Pylon  
  156  10:40  Zealot x3  
  162  10:50  Gateway  
  162  10:53  Gateway  
  162  10:55  Zealot x3  
  166  10:58  Immortal (Chrono Boost)  
  166  11:03  Zealot x3  
  170  11:17  Zealot x3  
  131  11:21  Protoss Ground Armor Level 1 (Chrono Boost)  
  131  11:23  Zealot  
  131  11:24  Zealot x2  
  113  11:31  Immortal (Chrono Boost)  
  97  11:38  Zealot x3  
  105  11:47  Zealot x5  
  103  12:00  Stalker x3  
  107  12:02  Probe x2  
  107  12:03  Probe  
  101  12:10  Observer (Chrono Boost)  
  101  12:11  High Templar x4  
  101  12:13  Probe  
  101  12:14  Photon Cannon  
  108  12:15  Shield Battery  
  108  12:16  Archon x2  
  108  12:18  Probe x2  
  108  12:19  Probe  
  111  12:23  Zealot  
  111  12:25  Probe  
  111  12:29  Zealot x3  
  118  12:38  Disruptor (Chrono Boost)  
  118  12:40  Gateway  
  118  12:41  Gateway  
  121  12:44  High Templar x4  
  121  12:48  Archon  
  121  12:49  Archon, High Templar x4  
  137  12:53  Pylon  
  137  12:54  Archon x2  
  115  13:06  Disruptor (Chrono Boost)  
  104  13:16  Stalker x2  
  104  13:17  Stalker x2  
  112  13:26  Sentry x3  
  118  13:31  Stalker  
  118  13:32  Nexus  
Show
View Real Time Build Order
Export as new Build Order

Maru Terran - Winner!

Build Orders:  

Get SALT Encoding   

  12  0:00  SCV  
  13  0:12  SCV  
  14  0:17  Supply Depot  
  14  0:24  SCV  
  15  0:38  SCV  
  15  0:40  Barracks  
  16  0:43  Refinery  
  16  0:50  SCV  
  17  1:03  SCV  
  18  1:15  SCV  
  19  1:27  Marine, Orbital Command  
  20  1:46  Command Center  
  20  1:53  SCV  
  21  1:57  Factory  
  21  2:02  Barracks Reactor  
  21  2:05  SCV  
  22  2:12  Bunker  
  22  2:18  SCV  
  22  2:19  Supply Depot  
  23  2:29  Refinery  
  23  2:41  SCV, Starport  
  24  2:48  Hellion x2  
  28  2:53  SCV  
  28  2:57  Orbital Command  
  29  3:05  SCV  
  30  3:10  Widow Mine x2  
  34  3:17  SCV  
  34  3:18  Medivac  
  37  3:23  SCV  
  38  3:27  Supply Depot  
  38  3:29  SCV  
  38  3:32  Widow Mine  
  41  3:34  Widow Mine  
  41  3:39  SCV  
  44  3:41  SCV, Barracks Tech Lab  
  45  3:51  SCV  
  45  3:52  Refinery  
  45  3:53  SCV, Supply Depot  
  47  3:57  Starport Tech Lab  
  47  4:03  SCV  
  47  4:05  SCV, Marine x2  
  47  4:07  Siege Tank  
  54  4:12  Supply Depot  
  54  4:15  SCV  
  55  4:17  SCV  
  56  4:27  SCV  
  56  4:28  Raven  
  56  4:29  Marine x2  
  56  4:30  SCV  
  60  4:32  Barracks  
  58  4:39  SCV  
  58  4:42  SCV, Bunker x2  
  58  4:45  Siege Tank  
  58  4:47  Marine x2  
  63  4:57  SCV  
  58  5:02  SCV  
  58  5:04  Marine x2  
  61  5:07  Supply Depot  
  61  5:11  SCV  
  62  5:18  Siege Tank  
  62  5:19  SCV, Barracks  
  66  5:22  Marine  
  67  5:28  Stimpack, Marauder  
  67  5:30  Medivac  
  67  5:31  SCV  
  67  5:33  Supply Depot  
  70  5:37  SCV  
  69  5:47  Engineering Bay  
  69  5:50  Siege Tank  
  69  5:51  SCV  
  69  5:56  Supply Depot  
  72  6:00  SCV  
  72  6:02  Refinery  
  72  6:06  Starport Reactor, Barracks Tech Lab  
  72  6:07  Marine x2, Refinery  
  74  6:12  SCV  
  74  6:13  SCV  
  76  6:23  Marine  
  76  6:25  SCV  
  78  6:26  Combat Shield  
  78  6:28  Command Center  
  78  6:33  Terran Infantry Weapons Level 1  
  78  6:37  Marine  
  78  6:38  Marauder, Marine  
  82  6:44  Marauder  
  85  6:47  SCV x2  
  85  6:48  Factory Reactor  
  85  6:49  Supply Depot  
  85  6:51  Medivac  
  88  6:55  Marine  
  88  6:56  Medivac, Marine  
  88  6:58  Marine  
  93  7:03  Supply Depot  
  93  7:05  Marine  
  93  7:08  Concussive Shells  
  94  7:14  SCV  
  94  7:15  SCV, Barracks  
  94  7:17  Marauder  
  94  7:18  Barracks  
  96  7:24  Marauder  
  96  7:26  Widow Mine x2  
  96  7:27  Marine x2  
  104  7:30  SCV x2  
  104  7:31  Supply Depot  
  106  7:37  Medivac x2  
  106  7:40  Marauder  
  110  7:45  Marauder, Orbital Command  
  112  7:54  Widow Mine x2  
  112  7:55  SCV x2  
  112  7:56  Supply Depot  
  118  8:06  Barracks Reactor  
  118  8:07  Marauder x2, Marine x2  
  118  8:11  Supply Depot x2  
  124  8:13  Viking  
  124  8:14  Viking  
  124  8:17  SCV x2  
  124  8:19  Marine, Orbital Command  
  131  8:24  Widow Mine  
  131  8:25  Marine  
  131  8:29  SCV  
  131  8:34  SCV  
  131  8:35  Marine  
  131  8:38  Marine  
  131  8:39  Marauder  
  127  8:41  SCV  
  127  8:43  Marine  
  127  8:44  Marauder  
  127  8:46  SCV  
  130  8:50  Marine x2  
  129  8:56  Marauder  
  129  9:02  SCV x2  
  132  9:03  SCV  
  133  9:10  Marauder x2, Marine x2  
  133  9:14  SCV x2  
  133  9:16  SCV, Liberator x2  
  143  9:21  Terran Infantry Armor Level 1  
  143  9:26  SCV  
  143  9:27  SCV  
  143  9:30  Marauder, Marine x3  
  150  9:31  Marauder  
  150  9:33  SCV  
  150  9:36  Supply Depot  
  153  9:39  SCV  
  153  9:40  SCV  
  153  9:41  Armory  
  153  9:45  SCV  
  155  9:56  Marauder, Supply Depot, Refinery x2  
  155  9:57  Marauder x2, Marine, Supply Depot  
  160  10:02  Liberator  
  163  10:07  Supply Depot  
  163  10:09  Supply Depot  
  163  10:11  Widow Mine  
  165  10:17  Liberator, Supply Depot  
  165  10:18  SCV, Widow Mine  
  165  10:19  Engineering Bay  
  171  10:27  Marine  
  171  10:28  Marauder x2  
  174  10:36  Widow Mine, Marine  
  174  10:37  Marauder  
  174  10:39  Widow Mine  
  181  10:44  SCV x3  
  181  10:45  Marine x2  
  181  10:46  Command Center  
  181  10:49  Marauder x2  
  187  10:55  Marine x2  
  187  10:56  SCV x3  
  189  10:58  Marauder  
  190  11:08  Liberator x2  
  190  11:10  Marauder  
  192  11:16  Ghost Academy  
  170  11:20  SCV x2  
  170  11:24  SCV  
  155  11:26  Marine  
  155  11:27  Marauder  
  155  11:32  SCV x2  
  137  11:41  Engineering Bay  
  137  11:42  Widow Mine x2  
  137  11:43  Marauder, Marine x3  
  137  11:45  Marine  
  146  11:57  Medivac x2  
  134  12:06  SCV x3  
  137  12:15  Marauder x3, Marine x2  
  145  12:16  Enhanced Shockwaves  
  145  12:25  Marine x2  
  145  12:26  Widow Mine x2  
  145  12:27  Medivac x2, SCV  
  145  12:28  SCV x2  
  154  12:37  Marauder, Marine x2  
  154  12:38  Marauder, Marine  
  159  12:46  Planetary Fortress  
  159  12:50  Marine x2  
  161  12:55  Ghost  
  148  13:06  Marine x2, Ghost x2  
  148  13:07  Medivac, Marine  
  148  13:08  Medivac  
  153  13:22  Marine  
  153  13:23  SCV  
  153  13:24  SCV x2, Marine  
  153  13:26  Command Center  
  158  13:36  SCV  

Tags
 
Add a new tag
Caveats
  • Supply blocks, unpowered buildings, or Contaminate may cause inaccurate times.
  • Supply counts are checked every 10 seconds.